 Dungeon Crawl Stone Soup version 0.30.1 (webtiles) character file.

Game seed: 16934598521833438318

366 Peloso the Shield-Bearer (level 6, 0/55 HPs)
             Began as a Minotaur Fighter on July 6, 2023.
             Slain by an ogre
             ... wielding a +0 giant spiked club
              (32 damage)
             ... on level 4 of the Dungeon.
             The game lasted 00:05:44 (3417 turns).

Peloso the Shield-Bearer (Minotaur Fighter)         Turns: 3417, Time: 00:05:45

Health: 0/55       AC: 13    Str: 21    XL:     6   Next: 40%
Magic:  5/5        EV:  6    Int:  2    God:
Gold:   159        SH: 13    Dex: 14    Spells: 5/5 levels left

rFire   + . .        a - +0 long sword
rCold   + . .        d - -1 tower shield of Avopemm {rElec rPois rF+ rC+ Int-3 Dex+3}
rNeg    . . .        t - +0 chain mail
rPois   +            (helmet restricted)
rElec   +            (no cloak)
rCorr   .            (no gloves)
SInv    .            (no boots)
Will    .....        (no amulet) Stlth
                     p - +4 ring of protection
HPRegen 0.29/turn    (no ring)
MPRegen 0.09/turn

%: no passive effects
@: no status effects
A: horns 2, retaliatory headbutt
a: no special abilities


You were on level 4 of the Dungeon.
You visited 1 branch of the dungeon, and saw 4 of its levels.

You collected 159 gold pieces.

Inventory:

Hand Weapons
 a - a +0 long sword (weapon)
Armour
 c - a +0 buckler
 d - the -1 tower shield of Avopemm (worn) {rElec rPois rF+ rC+ Int-3 Dex+3}
   (You found it on level 2 of the Dungeon)

   Int:       It affects your intelligence (-3).
   Dex:       It affects your dexterity (+3).
   rF:        It protects you from fire.
   rC:        It protects you from cold.
   rElec:     It insulates you from electricity.
   rPois:     It protects you from poison.
 t - a +0 chain mail (worn)
Magical Staves
 b - a staff of fire
Jewellery
 e - a ring of magical power
 p - a +4 ring of protection (left hand)
 y - a ring of wizardry
Wands
 r - a wand of iceblast (9)
Scrolls
 f - 3 scrolls of identify
 g - a scroll of teleportation
 h - a scroll of noise
 i - a scroll of enchant weapon {unknown}
 j - a scroll of immolation {unknown}
 k - a scroll of vulnerability {unknown}
 l - a scroll of blinking {unknown}
 u - a scroll of fog {unknown}
 w - a scroll of brand weapon {unknown}
Potions
 m - a potion of berserk rage
 o - 3 potions of might
 q - 2 potions of heal wounds
 s - a potion of ambrosia
 v - 3 potions of curing
 x - a potion of brilliance


   Skills:
 + Level 4.9 Fighting
 + Level 4.5 Long Blades
 + Level 5.2 Armour
 + Level 1.6 Dodging
 + Level 0.1 Stealth
 + Level 5.5 Shields


You had 5 spell levels left.
You didn't know any spells.
Your spell library contained the following spells:

 Spells                   Type           Power      Damage    Failure   Level
 Poisonous Vapours        Pois/Air       0%         N/A       100%        2
 Inner Flame              Hex/Fire       0%         N/A       100%        3
 Mephitic Cloud           Conj/Pois/Air  0%         N/A       100%        3
 Tukima's Dance           Hex            0%         N/A       100%        3
 Manifold Assault         Tloc           0%         N/A       100%        4
 Passage of Golubria      Tloc           0%         N/A       100%        4
 Freezing Cloud           Conj/Ice/Air   0%         6-21      100%        5
 Yara's Violent Unravell  Hex/Tmut       0%         3d3       100%        5
 Dispersal                Tloc           0%         N/A       100%        6
 Enfeeble                 Hex            0%         N/A       100%        7
 Disjunction              Tloc           0%         N/A       100%        8


Dungeon Overview and Level Annotations

Branches:
Dungeon (4/15)
 Temple: D:4-7

Altars:
Gozag
Uskayaw

Shops:
D:2 !   D:3 *   D:4 [


Innate Abilities, Weirdness & Mutations

You have a pair of horns on your head.
You reflexively headbutt those who attack you in melee.


Message History

You open the door.
An iguana comes into view.
The iguana hisses angrily.
There is an open door here.
An iguana is nearby!
An iguana is nearby!
The iguana bites you!
You slash the iguana! You headbutt the iguana.
The iguana is almost dead.
The iguana bites you but does no damage.
A kobold comes into view. It is wielding a +0 dagger.
The iguana closely misses you.
You hit the iguana.
You kill the iguana!
Your Armour skill increases to level 5!
The kobold throws a stone.
You block the stone.
You hit the kobold.
The kobold is moderately wounded.
You block the kobold's attack. x2
You hit the kobold. You headbutt the kobold.
You kill the kobold!
Things that are here:
a +0 dagger; 5 stones You open the door.
There is an open door here.
An ogre comes into view. It is wielding a +0 giant spiked club.
An ogre is nearby!
An ogre is nearby!
The ogre hits you but does no damage.
You hit the ogre.
The ogre is lightly wounded.
The ogre hits you with a +0 giant spiked club!
You slash the ogre!
The ogre is heavily wounded.
The ogre hits you with a +0 giant spiked club!
You closely miss the ogre.
The ogre is heavily wounded.
The ogre hits you with a +0 giant spiked club!!
Ouch! That really hurt!
You die...

.....###'##+##+###
.....#.....#
##.###.....#
#.####.#.'##'##+
#........#.)#.....#
+...##.###..#+###+#
#. #...#..#
#.#.+..+ #@###..#
#O# #..# #.# #..#
#.# +##+ ..+ #.#
#.# ..#


You could see an ogre.

Vanquished Creatures
  A scorpion (D:4)
  An orc priest (D:4)
  An iguana (D:4)
  An orc wizard (D:4)
  Natasha (thrice) (D:3)
  4 gnolls (D:3)
  3 adders
  A worm (D:2)
  4 dart slugs
  5 orcs
  7 bats
  3 endoplasms
  4 giant cockroaches
  4 goblins
  7 hobgoblins
  5 jackals
  4 quokkas
  4 ball pythons
  2 frilled lizards
  11 kobolds
  5 rats (D:1)
80 creatures vanquished.

Notes
Turn   | Place    | Note
-------+----------+-------------------------------------------
     0 | D:1      | Peloso the Minotaur Fighter began the quest for the Orb.
     0 | D:1      | Reached XP level 1. HP: 19/19 MP: 0/0
   193 | D:1      | Reached XP level 2. HP: 27/27 MP: 1/1
   637 | D:1      | Found a faded altar of an unknown god.
   937 | D:2      | Reached XP level 3. HP: 33/33 MP: 2/2
  1444 | D:2      | Found Imeneom's Distillery.
  1601 | D:2      | Identified the -1 tower shield of Avopemm {rElec rPois rF+
                  | rC+ Int-3 Dex+3}
  1871 | D:3      | Identified the +1 robe of the Known World {Drain rC++ rN+
                  | Stlth+}
  1960 | D:3      | Reached XP level 4. HP: 37/40 MP: 3/3
  2245 | D:3      | Noticed Natasha
  2259 | D:3      | Killed Natasha
  2297 | D:3      | Found an opulent altar of Gozag.
  2301 | D:3      | Found Gozag's Platinum Reserve.
  2334 | D:3      | Noticed Natasha
  2344 | D:3      | Killed Natasha
  2385 | D:3      | Reached XP level 5. HP: 45/47 MP: 4/4
  2444 | D:3      | Reached skill level 5 in Shields
  2567 | D:3      | Noticed Natasha
  2573 | D:3      | Killed Natasha
  2596 | D:3      | Found a hide-covered altar of Uskayaw.
  2938 | D:4      | Reached skill level 1 in Dodging
  2946 | D:4      | Reached XP level 6. HP: 26/53 MP: 5/5
  3250 | D:4      | Found Pofut's Antique Armour Shoppe.
  3378 | D:4      | Reached skill level 5 in Armour
  3417 | D:4      | Slain by an ogre

Illustrated notes

Levels and vault maps discovered:
D:1:      kilobyte_arrival_exit_the_forest, layout_loops_ring,
          hellmonk_ecumenical_altar_defaced_shrine, serial_glass,
          glass_columns_a, glass_columns_a, glass_columns_a, glass_columns_a,
          glass_columns_a, glass_columns_a, skrybe_limestone_x
D:2:      layout_loops_corners, serial_shops, nicolae_shop_industrial_runoff,
          minmay_tetromino_t4
D:3:      layout_loops_corners, old_standard_altar,
          nicolae_gozag_zags_fifth_avenue, minmay_hedge_maze, uniq_natasha
D:4:      layout_basic, mainiacjoe_overflow_six_doors_small,
          mainiacjoe_overflow_24_doors, serial_shops, shop

Skill      XL: |  1  2  3  4  5  6 |
---------------+-------------------+-----
Fighting       | 4 |  4.9
Shields        | 4 5 |  5.5
Armour         | 4 5 |  5.2
Long Blades    | 3 4 |  4.5
Dodging        | 1 |  1.6
Stealth        | |  0.1

Action                     |  1- 3 |  4- 6 || total
---------------------------+-------+-------++-------
  Melee: Long sword        |   101 |   111 ||   212
         Headbutt          |    15 |    23 ||    38
    Use: Potion            |     1 |       ||     1
         Scroll            |       |     8 ||     8
 Armour: Scale mail        |    50 |     2 ||    52
         Chain mail        |       |    79 ||    79
  Dodge: Dodged            |    49 |    25 ||    74
  Block: Buckler           |    22 |       ||    22
         Tower shield      |    11 |   104 ||   115
